 Dungeon Crawl Stone Soup version 0.26-a0-346-g33516b1736 (webtiles) character file.

Game seed: 10925066087781813973

42 Glokmah the Skirmisher (level 3, -7/29 HPs)
             Began as a Demonspawn Abyssal Knight on July 17, 2020.
             Was a Follower of Lugonu.
             Mangled by a gnoll
             ... wielding a +0 halberd
              (11 damage)
             ... on level 1 of the Dungeon.
             The game lasted 00:03:50 (1928 turns).

Glokmah the Skirmisher (Demonspawn Abyssal Knight)  Turns: 1928, Time: 00:03:50

Health: -7/29      AC:  6    Str: 13    XL:     3   Next: 33%
Magic:  5/5        EV: 10    Int: 13    God:    Lugonu [*.....]
Gold:   112        SH:  0    Dex: 12    Spells: 2/2 levels left

rFire    . . .     SeeInvis +   a - +1 hand axe
rCold    . . .     Faith    .   (no shield)
rNeg     . . .     Spirit   .   n - +0 ring mail
rPois    .         Reflect  .   (no helmet)
rElec    .         Harm     .   (no cloak)
rCorr    .                      l - +0 pair of gloves
MR       +....                  (no boots)
Stlth    +.........             (no amulet)
HPRegen  0.09/turn              k - ring of see invisible
MPRegen  0.09/turn              i - ring of protection from magic

@: no status effects
A: powered by pain 2
a: Depart the Abyss, Renounce Religion


You were on level 1 of the Dungeon.
You worshipped Lugonu.
Lugonu was aware of your devotion.
You visited 1 branch of the dungeon, and saw 2 of its levels.
You visited the Abyss 1 time.

You collected 112 gold pieces.

Inventory:

Hand Weapons
 a - a +1 hand axe (weapon)
Missiles
 c - 57 stones (quivered)
Armour
 l - a +0 pair of gloves (worn)
 n - a +0 ring mail (worn)
Jewellery
 g - an uncursed ring of protection from cold
 i - a ring of protection from magic (right hand)
 k - a ring of see invisible (left hand)
Scrolls
 b - a scroll of enchant weapon {unknown}
 e - a scroll of remove curse
 f - a scroll of fog {unknown}
 h - 3 scrolls of teleportation
Potions
 d - 3 potions of curing
 j - a potion of stabbing
 m - 2 potions of degeneration {unknown}


   Skills:
 + Level 3.3 Fighting
 + Level 2.1 Axes
 + Level 2.2 Armour
 + Level 1.4 Dodging
 + Level 3.1 Invocations


You had 2 spell levels left.
You didn't know any spells.
Your spell library was empty.

Dungeon Overview and Level Annotations

Branches:
Dungeon (2/15)

Altars:


Innate Abilities, Weirdness & Mutations

You sometimes gain power by taking damage.


Message History

The gnoll is heavily wounded.
The gnoll hits you but does no damage. The gnoll misses you.
The gnoll hits you from afar with a +0 halberd.
Okay, then.
Things that are here:
23 arrows; a +0 club
There is a stone staircase leading up here.
The gnoll hits you with a +0 halberd. The gnoll barely misses you.
There is a stone staircase leading up here.
The gnoll hits you from afar with a +0 spear.
* * * LOW HITPOINT WARNING * * *
You climb upwards.
There is a stone staircase leading down here.
You hit the gnoll.
The gnoll is severely wounded.
The gnoll hits you with a +0 halberd.
* * * LOW HITPOINT WARNING * * *
The gnoll barely misses you.
The gnoll hits you from afar with a +0 halberd!
You die...

#.#.# ######.. #.#.# #.. #.#.#
##### #.. #.#.# #...###### #..
#.#.# ##########...##...#######..
#.#.# #......#.+...''.........+..
#.#.# #......#.#...##...#######..
#.#.###......#g#...##...#######..
#.#...........>.@.......'.......≈
#.###################...#######≈♣
#.# #...........# #≈♣⌠ #.#
#########...........# ##.≈♣ #.#
#...................# #...≈ #.#
#...................# #..≈♣ #.#
#................########.≈♣⌠
#.###................###......#≈♣
#...'................).'........≈


You could see a gnoll.

Vanquished Creatures
  A gnoll (D:1)
  A leopard gecko (D:1)
  5 bats
  A giant cockroach (D:1)
  6 goblins
  5 hobgoblins
  4 frilled lizards (D:1)
  3 kobolds
  3 rats
  A toadstool (D:1)
30 creatures vanquished.

Vanquished Creatures (others)
  3 toadstools (D:1)
3 creatures vanquished.

Grand Total: 33 creatures vanquished

Notes
Turn   | Place    | Note
-------+----------+-------------------------------------------
     0 | Abyss:1  | Glokmah the Demonspawn Abyssal Knight began the quest for
                  | the Orb.
     0 | Abyss:1  | Reached XP level 1. HP: 18/18 MP: 2/2
    26 | Abyss:1  | Noticed a glowing orange brain
    31 | Abyss:1  | Noticed a large abomination
    41 | Abyss:1  | Noticed a smoke demon
    44 | Abyss:1  | Noticed a raiju
    44 | Abyss:1  | Noticed a raiju
    44 | Abyss:1  | Noticed a raiju
    44 | D:1      | Escaped the Abyss
   142 | D:1      | Reached skill level 1 in Dodging
   144 | D:1      | Reached * piety under Lugonu
   340 | D:1      | Gained mutation: You sometimes gain a little power by
                  | taking damage. [demonic ancestry]
   340 | D:1      | Reached XP level 2. HP: 18/24 MP: 4/4
  1356 | D:2      | Found a faded altar of an unknown god.
  1626 | D:2      | Gained mutation: You sometimes gain power by taking damage.
                  | [demonic ancestry]
  1626 | D:2      | Reached XP level 3. HP: 26/29 MP: 5/5
  1928 | D:1      | Mangled by a gnoll

Illustrated notes

Levels and vault maps discovered:
D:1:      ldierk_water_garden, layout_basic
D:2:      layout_loops_cross, chequers_ecumenical_altar_simple,
          serial_bayou_pond_d

Skill      XL: |  1  2 |
---------------+-------+-----
Dodging        | 1 |  1.4
Axes           | 2 |  2.1
Armour         | 2 |  2.2
Invocations    | 3 |  3.1
Fighting       | |  3.3

Action                   || total
-------------------------++-------
Melee: Hand axe          ||    82
Invok: Depart the Abyss  ||     1
  Use: Scroll            ||     4
Armor: Leather armour    ||    19
       Ring mail         ||     3
Dodge: Dodged            ||    52

Table legend:
 A = Non-vault XP
 B = Vault XP
 C = Vault XP percentage of total XP
 D = Non-vault monster count
 E = Vault monster count
 F = Vault count percentage of total count
                 A         B        C        D         E       F
            +---------+---------+-------+---------+---------+-------
      Total |      60 |       0 |   0.0 |      29 |       0 |   0.0
            +---------+---------+-------+---------+---------+-------
        D:1 |      49 |       0 |   0.0 |      22 |       0 |   0.0
        D:2 |      11 |       0 |   0.0 |       7 |       0 |   0.0
            +---------+---------+-------+---------+---------+-------
